 Dungeon Crawl Stone Soup version 0.21.0 (webtiles) character file.

243 theswoord the Cudgeler (level 6, -2/60 HPs)
             Began as a Gargoyle Fighter on Jan 6, 2018.
             Slain by Grinder (3 damage)
             ... on level 3 of the Dungeon.
             The game lasted 00:05:54 (2134 turns).

theswoord the Cudgeler (Gargoyle Fighter)           Turns: 2134, Time: 00:05:54

Health: -2/60      AC: 23    Str: 20    XL:     6   Next: 9%
Magic:  6/6        EV:  2    Int:  8    God:
Gold:   173        SH:  0    Dex: 11    Spells: 5/5 levels left

rFire    . . .     SeeInvis .   n - +0 whip
rCold    . . .     Gourm    .   (no shield)
rNeg     + + +     Faith    .   (armour currently unavailable)
rPois    ∞         Spirit   .   (helmet currently unavailable)
rElec    .         Reflect  .   (cloak currently unavailable)
rCorr    .         Harm     .   (gloves currently unavailable)
MR       .....     NoTele   +   (boots currently unavailable)
Stlth    +.........             (no amulet)
HPRegen  0.20/turn              (no ring)
MPRegen  0.10/turn              (no ring)

@: tree-form
A: negative energy resistance 1, petrification resistance, rot immunity, AC +4
a: no special abilities


You were on level 3 of the Dungeon.
You were not hungry.
You were a tree.
You visited 1 branch of the dungeon, and saw 3 of its levels.

You collected 173 gold pieces.

Inventory:

Hand Weapons
 a - a +1 flail
 n - a +0 whip (weapon)
Armour
 b - a +0 scale mail
 c - a +0 shield
 e - a +2 helmet (melded)
 h - a +1 chain mail (melded)
Jewellery
 l - an uncursed ring of magical power {unknown}
Scrolls
 i - a scroll of teleportation
Potions
 g - a potion of curing {unknown}
 j - a potion of degeneration
 k - a potion of lignification
 m - a potion of haste
 q - 2 potions of brilliance {unknown}
Comestibles
 d - 4 chunks of flesh
 f - 5 rations


   Skills:
 + Level 4.9 Fighting
 * Level 5.1 Maces & Flails
 - Level 3.2 Armour
 - Level 3.2 Shields


You had 5 spell levels left.
You didn't know any spells.

Dungeon Overview and Level Annotations

Branches:
Dungeon (3/15)

Altars:
Yredelemnul

Annotations:
D:3 Grinder


Innate Abilities, Weirdness & Mutations

You are resistant to torment.
((Your stone body is resilient. (AC +4)))
You are immune to poison.
You resist negative energy. (rN+)
((You are resistant to electric shocks. (rElec)))
((You can survive without breathing.))
You are immune to petrification.
You are immune to rotting.


Message History

You hit Grinder but do no damage. You hit Grinder.
Grinder completely misses you.
The orc shouts!
You hit Grinder.
You hear a shout!
Grinder hits you.
* * * LOW HITPOINT WARNING * * *
You closely miss Grinder. Grinder hits you but does no damage.
You turn into a tree.
Your +2 helmet melds into your body.
Your +1 chain mail melds into your body.
Your roots penetrate the ground.
Grinder hits you but does no damage.
You barely miss Grinder. Grinder hits you but does no damage.
You whack Grinder! Grinder hits you but does no damage.
An orc priest comes into view. It is wielding a falchion.
You hit Grinder.
The orc priest mumbles some strange prayers to Beogh against you.
Beogh smites you!
* * * LOW HITPOINT WARNING * * *
You hit Grinder but do no damage. Grinder hits you.
You die...

........# ........## #
.........# #. .........##
##. ..........#
#..######## ........#.#
#.#........ ..........###
#.#....§...
............####.#5.(.)...
...######.....##♣#........
.## ##..#...5#.†......
######.o#........
#........... ##.#..######
......# #.....## #.o.###
#...#


You could see Grinder, an orc priest and an orc.

Vanquished Creatures
  A crimson imp (D:2)
  3 orc priests (D:3)
  A worker ant (D:2)
  3 gnolls
  A worm (D:2)
  2 dart slugs (D:1)
  4 leopard geckos (D:1)
  7 orcs
  A giant cockroach (D:3)
  6 goblins
  6 hobgoblins
  6 kobolds
  A quokka (D:3)
  3 bats
  5 frilled lizards
  10 rats
60 creatures vanquished.

Notes
Turn   | Place    | Note
-------+----------+-------------------------------------------
     0 | D:1      | theswoord the Gargoyle Fighter began the quest for the Orb.
     0 | D:1      | Reached XP level 1. HP: 14/14 MP: 1/1
   132 | D:1      | Reached XP level 2. HP: 18/19 MP: 2/2
   255 | D:1      | Reached skill level 3 in Maces & Flails
   305 | D:1      | Reached XP level 3. HP: 24/24 MP: 3/3
   611 | D:2      | Found a faded altar of an unknown god.
   673 | D:2      | Found a basalt altar of Yredelemnul.
   706 | D:2      | Reached XP level 4. HP: 9/29 MP: 4/4
  1007 | D:2      | Reached skill level 4 in Maces & Flails
  1447 | D:2      | Reached XP level 5. HP: 31/34 MP: 5/5
  1712 | D:3      | HP: 1/34 [orc priest/nerve-wracking pain (4)]
  1713 | D:3      | Reached skill level 5 in Maces & Flails
  1713 | D:3      | Reached XP level 6. HP: 1/40 MP: 6/6
  2061 | D:3      | Noticed Grinder
  2089 | D:3      | Paralysed by Grinder for 3 turns
  2106 | D:3      | Paralysed by Grinder for 7 turns
  2133 | D:3      | HP: 1/60 [orc priest/divine providence (15)]
  2134 | D:3      | Slain by Grinder

Skill      XL: |  1  2  3  4  5 |
---------------+----------------+-----
Maces & Flails | 3 4 5 |  5.1
Fighting       | 4 |  4.9
Armour         | |  3.2
Shields        | |  3.2

Action                   |  1- 3 |  4- 6 || total
-------------------------+-------+-------++-------
Melee: Flail             |   110 |    68 ||   178
       Whip              |       |    83 ||    83
  Use: Scroll            |     4 |     6 ||    10
       Potion            |       |     3 ||     3
  Eat: Chunk             |       |     4 ||     4
Armor: Chain mail        |    75 |   125 ||   200
       Scale mail        |     5 |       ||     5
       Skin              |       |     3 ||     3
Dodge: Dodged            |    45 |    73 ||   118

Vault maps used:
D:1:      minmay_arrival_arboretum_small, kennysheep_pointless_box,
          hangedman_decor_slide_cut, hangedman_decor_push, minmay_pentomino_v2
D:2:      yredelemnul_altar_generic, first_ration,
          chequers_ecumenical_altar_simple
D:3:      grunt_temple_overflow_diamond, grunt_ministairs_11, uniq_natasha,
          uniq_grinder
